 Dungeon Crawl Stone Soup version 0.28.0 (webtiles) character file.

Game seed: 4235335507393429435

26182 HallandMoats the Warmonger (level 12, -3/99 HPs)
             Began as a Demonspawn Fighter on Feb 12, 2022.
             Was a High Priest of Okawaru.
             Slain by an ettin (32 damage)
             ... on level 15 of the Dungeon.
             The game lasted 00:20:30 (17758 turns).

HallandMoats the Warmonger (Demonspawn Fighter)    Turns: 17758, Time: 00:20:30

Health: -3/99      AC: 21    Str: 24    XL:     12   Next: 96%
Magic:  14/21      EV: 15    Int: 14    God:    Okawaru [*****.]
Gold:   739        SH:  0    Dex: 18    Spells: 5/11 levels left

rFire   . . .      SeeInvis .     - Unarmed
rCold   . . .      Faith    .   (no shield)
rNeg    + + .      Spirit   .   d - +2 chain mail "Lehoboz" {Harm Rampage rCorr Str-2}
rPois   .          Reflect  .   E - +2 hat
rElec   .          Harm     +   D - +0 cloak
rCorr   +          Rampage  +   k - +0 pair of gloves
Will    +....                   K - +0 pair of boots "Saokic Mobo" {rN++ Stlth+}
Stlth   +.........              g - amulet of regeneration
HPRegen 1.06/turn               C - +6 ring of dexterity
MPRegen 0.17/turn               m - +6 ring of strength

@: heroic, finesse-ful, studying Shields
A: hooves 1, (demonic guardian 2), spiny 2, weakness stinger 1, demonic touch 1,
clever 1, strong-willed 1
a: Renounce Religion, Heroism, Finesse, Duel


You were on level 15 of the Dungeon.
You worshipped Okawaru.
Okawaru was extremely pleased with you.
You visited 2 branches of the dungeon, and saw 16 of its levels.

You collected 1013 gold pieces.
You spent 274 gold pieces at shops.

Inventory:

Missiles
 e - a throwing net (quivered)
Armour
 c - a +0 buckler
 d - the +2 chain mail "Lehoboz" (worn) {Harm Rampage rCorr Str-2}
   (You took it off an orc warrior on level 6 of the Dungeon)

   Str:       It affects your strength (-2).
   rCorr:     It protects you from acid and corrosion.
   Harm:      It increases damage dealt and taken.
   Rampage:   It bestows one free step when moving towards enemies.
 k - a +0 pair of gloves (worn)
 D - a +0 cloak (worn)
 E - a +2 hat (worn)
 K - the +0 pair of boots "Saokic Mobo" (worn) {rN++ Stlth+}
   (Okawaru gifted it to you on level 11 of the Dungeon)

   rN:        It greatly protects you from negative energy.
   Stlth:     It makes you more stealthy.
 O - the +2 ring mail "Yfaj" {Harm rC++ Str-3}
   (You found it on level 12 of the Dungeon)

   Str:       It affects your strength (-3).
   rC:        It greatly protects you from cold.
   Harm:      It increases damage dealt and taken.
Jewellery
 g - an amulet of regeneration (around neck)
 h - a ring of resist corrosion
 i - a ring of ice
 m - a +6 ring of strength (right hand)
 o - a +4 ring of evasion
 y - a ring of flight
 C - a +6 ring of dexterity (left hand)
 S - a +4 ring of protection
Wands
 G - a wand of flame (12)
 H - a wand of paralysis (16)
 Q - a wand of acid (8)
Scrolls
 f - 4 scrolls of blinking
 n - 3 scrolls of magic mapping
 t - 2 scrolls of immolation
 w - 4 scrolls of teleportation
 x - a scroll of brand weapon
 B - 5 scrolls of fear
 J - 2 scrolls of amnesia {unknown}
 M - 5 scrolls of identify
 P - a scroll of fog {unknown}
 R - a scroll of torment {unknown}
Potions
 a - a potion of heal wounds
 b - 2 potions of mutation
 j - 3 potions of lignification {unknown}
 p - 5 potions of flight
 r - 4 potions of berserk rage {unknown}
 s - 6 potions of haste
 u - a potion of brilliance {unknown}
 v - a potion of attraction {unknown}
 z - a potion of cancellation {unknown}
 A - 5 potions of curing
 F - a potion of invisibility {unknown}
 I - 6 potions of degeneration {unknown}
 L - a potion of ambrosia {unknown}
Miscellaneous
 q - a condenser vane


   Skills:
 * Level 10.8(15.8) Fighting
 - Level 2.7(7.7) Axes
 + Level 7.3(12.3) Armour
 + Level 6.6(11.6) Dodging
 + Level 9.0(14.0) Shields
 * Level 9.2(14.2) Unarmed Combat
 * Level 13.2 Invocations
 + Level 3.9 Evocations


You had 5 spell levels left.
You knew the following spells:

 Your Spells              Type           Power      Damage    Failure   Level
a - Mephitic Cloud        Conj/Pois/Air  0%         N/A       99%         3
b - Ignite Poison         Fire/Tmut/Pois 0%         N/A       99%         3

Your spell library contained the following spells:

 Spells                   Type           Power      Damage    Failure   Level
 Foxfire                  Conj/Fire      0%         2x1d4     80%         1
 Conjure Flame            Conj/Fire      0%         6-21      99%         3
 Frozen Ramparts          Ice            0%         1d2       99%         3
 Inner Flame              Hex/Fire       0%         N/A       99%         3
 Ozocubu's Armour         Ice            0%         N/A       99%         3
 Flame Wave               Conj/Fire      0%         2d4       100%        4
 Ice Form                 Ice/Tmut       0%         N/A       100%        4
 Sticky Flame             Conj/Fire      0%         2d3       100%        4
 Freezing Cloud           Conj/Ice/Air   0%         6-21      100%        5
 Orb of Destruction       Conj           0%         9d5       100%        7
 Ozocubu's Refrigeration  Ice            0%         4d5       100%        7
 Polar Vortex             Ice            0%         N/A       100%        9
 Summon Guardian Golem    Hex/Summ       Unusable   N/A       N/A         3
 Summon Ice Beast         Ice/Summ       Unusable   N/A       N/A         4
 Simulacrum               Ice/Necr       Unusable   N/A       N/A         6
 Spellforged Servitor     Conj/Summ      Unusable   N/A       N/A         7

Dungeon Overview and Level Annotations

Branches:
Dungeon (15/15)            Temple (1/1) D:7            Lair (0/6) D:9
    Orc (0/2) D:11         Vaults (0/5) D:14
 Depths: D:15

Altars:
Ashenzari
Cheibriados
Dithmenos
Elyvilon
Fedhas
Gozag
Hepliaklqana
Kikubaaqudgha
Makhleb
Nemelex Xobeh
Okawaru
Qazlal
Ru
Sif Muna
Trog
Uskayaw
Vehumet
Wu Jian
Xom
Yredelemnul
Zin
The Shining One
Beogh

Shops:
D:14 :

Portals:
Trove: D:10 (give 5 scrolls of fog)

Annotations:
D:5 3 runed translucent doors, TheOneDM's ghost, novice GrFi; pkoi's ghost, novice DgAE


Innate Abilities, Weirdness & Mutations

You have large cloven feet.
((A demonic guardian rushes to your aid.))
You are mostly covered in sharp spines.
You have a small tail.
Your touch may inflict minor irresistible damage on your foes.
Your mind is acute. (Int +2)
You are strong-willed. (Will+)


Message History

A necromancer comes into view. It is wielding a +0 dagger.
A tengu conjurer comes into view.
You gain the combat prowess of a mighty hero.
The tengu conjurer shouts!
The deep troll is struck by your spines.
The deep troll bites you! The deep troll claws you.
The deep troll barely misses you.
The tengu conjurer casts a spell.
You can now deal lightning-fast blows.
A battlesphere comes into view.
The deep troll bites you!!
The deep troll claws you but does no damage.
The deep troll claws you!
* * * LOW HITPOINT WARNING * * *
You barely miss the deep troll.
You tail-slap the deep troll, but do no damage.
You touch the deep troll.
The deep troll is heavily wounded.
The deep troll is struck by your spines.
The deep troll closely misses you. The deep troll misses you.
The deep troll closely misses you.
You barely miss the deep troll.
The deep troll is heavily wounded.
You punch the deep troll!
Your tail-slap misses the deep troll.
You touch the deep troll.
The deep troll is almost dead.
You pummel the deep troll!!
You kill the deep troll!
Okawaru is honoured by your kill. Okawaru grants you a weapon!
Something appears at your feet!
You see here a +0 vorpal war axe.
The troll leather armour is intact enough to wear.
You hit the ettin but do no damage.
You tail-slap the ettin, but do no damage.
You touch the ettin.
The ettin is lightly wounded.
You punch the ettin! You tail-slap the ettin.
You touch the ettin.
The ettin is heavily wounded.
The ettin hits you with a +0 dire flail!!
You die...

####........#.#..#.###
......................
#############...#.#.##.#.###
######...........#.....#....#..##
.................................
######.#########.##...########.##
#.# #.##...# #.## #.# #.##...#
#..# #.# #@# ...# ##.#
###.#########C# ...# #.#
#...<.......#T# ...# #..
#.#.#######.#p##...# ##.
#.#.#.......Q..# #. #
#..........#...# #.
###.######.#!..# #. ....# ..#...#
#. #.#..# #.#.#$## #.


You could see an ettin, a deep troll, a necromancer and a tengu conjurer.

Vanquished Creatures
  Azrael (D:12)
  A hydra (D:11)
  A vault guard (D:14)
  2 centaur warriors
  6 two-headed ogres
  A tengu warrior (D:13)
  Urug (D:13)
  A skeletal warrior (D:10)
  A deep troll (D:15)
  2 ugly things
  2 cyclopes
  Maurice (D:8)
  2 gargoyles
  An unseen horror (D:10)
  An efreet (D:14)
  A tengu conjurer (D:13)
  5 trolls
  3 hornets
  Prince Ribbit (D:8)
  3 slime creatures (D:15)
  A shadow (D:10)
  A wraith (D:12)
  A centaur simulacrum (D:14)
  4 wyverns
  A vampire (D:12)
  6 yaks
  4 fire elementals (D:12)
  A basilisk (D:12)
  19 vampire mosquitoes
  2 acid dragons
  4 hell hounds (D:12)
  2 water moccasins
  10 orc warriors
  2 ice beasts
  A sky beast (D:7)
  2 necrophages (D:6)
  4 ogres
  11 centaurs
  A phantom (D:5)
  A kobold brigand (D:9)
  A gnoll sergeant (D:6)
  3 scorpions
  4 bullfrogs
  14 wights (D:8)
  3 howler monkeys
  A bullfrog zombie (D:6)
  2 centaur zombies
  2 jellies
  8 orc priests
  4 iguanas
  A scorpion zombie (D:5)
  7 orc wizards
  A hound zombie (D:5)
  A hound skeleton (D:5)
  5 gnolls (D:6)
  A howler monkey skeleton (D:6)
  9 adders
  An ufetubus (D:5)
  2 worms (D:3)
  2 dart slugs
  26 orcs
  3 ball pythons
  6 endoplasms
  4 giant cockroaches
  5 hobgoblins
  5 jackals
  2 kobolds
  3 quokkas
  3 bats
  A frilled lizard (D:3)
  6 goblins
  A quokka skeleton (D:4)
  5 rats
257 creatures vanquished.

Vanquished Creatures (collateral kills)
  A warg (D:6)
  An ogre (D:6)
  A scorpion (D:5)
  An orc wizard (D:6)
4 creatures vanquished.

Vanquished Creatures (others)
  A fungus (D:9)
  A plant (D:9)
2 creatures vanquished.

Grand Total: 263 creatures vanquished

Notes
Turn   | Place    | Note
-------+----------+-------------------------------------------
     0 | D:1      | HallandMoats the Demonspawn Fighter began the quest for the
                  | Orb.
     0 | D:1      | Reached XP level 1. HP: 18/18 MP: 1/1
     1 | D:1      | Noticed an electric eel
   418 | D:1      | Gained mutation: You are partially covered in sharp spines.
                  | [demonic ancestry]
   418 | D:1      | Reached XP level 2. HP: 22/24 MP: 2/2
   534 | D:1      | Found a faded altar of an unknown god.
   534 | D:1      | Noticed an eye of devastation
   539 | D:1      | Noticed an eye of devastation
   544 | D:1      | Noticed a shining eye
   758 | D:1      | Reached skill level 1 in Invocations
  1298 | D:1      | Noticed an eye of devastation
  1409 | D:2      | Gained mutation: A weak demonic guardian rushes to your
                  | aid. [demonic ancestry]
  1409 | D:2      | Reached XP level 3. HP: 27/29 MP: 2/4
  1696 | D:2      | Reached skill level 2 in Invocations
  1862 | D:3      | Reached XP level 4. HP: 35/35 MP: 5/5
  2078 | D:3      | Reached skill level 1 in Dodging
  2328 | D:3      | You fall into a shaft and drop 1 floor!
  2601 | D:4      | Discovered your monstrous ancestry.
  2601 | D:4      | Gained mutation: Your touch may inflict minor irresistible
                  | damage on your foes. [demonic ancestry]
  2601 | D:4      | Reached XP level 5. HP: 42/42 MP: 6/6
  3059 | D:4      | Found a sacrificial altar of Ru.
  3416 | D:5      | Entered Level 5 of the Dungeon
  3419 | D:5      | Found a runed translucent gate.
  3419 | D:5      | Found a runed translucent gate.
  3419 | D:5      | Found a runed translucent gate.
  3482 | D:5      | Reached skill level 1 in Unarmed Combat
  3482 | D:5      | Reached skill level 3 in Invocations
  3586 | D:5      | Noticed an ice beast
  3586 | D:5      | Noticed pkoi's ghost (novice DgAE)
  3608 | D:5      | Gained mutation: A demonic guardian rushes to your aid.
                  | [demonic ancestry]
  3608 | D:5      | Reached XP level 6. HP: 33/48 MP: 8/8
  3966 | D:5      | Reached skill level 4 in Invocations
  4440 | D:5      | Reached XP level 7. HP: 47/55 MP: 10/10
  5031 | D:6      | Reached skill level 5 in Fighting
  5031 | D:6      | Reached skill level 5 in Invocations
  5034 | D:6      | Found a runed translucent gate.
  5034 | D:6      | Identified the +2 chain mail "Lehoboz" {Harm Rampage rCorr
                  | Str-2}
  5035 | D:6      | Noticed TheOneDM's ghost (novice GrFi)
  5035 | D:6      | Found a runed translucent gate.
  5036 | D:6      | Found a runed translucent gate.
  5256 | D:6      | Gained mutation: You have a small tail. [demonic ancestry]
  5256 | D:6      | Reached XP level 8. HP: 30/62 MP: 10/12
  5786 | D:6      | Reached skill level 6 in Invocations
  7254 | D:5      | Gained mutation: You are strong-willed. (Will+) [potion of
                  | mutation]
  7254 | D:5      | Gained mutation: Your mind is acute. (Int +2) [potion of
                  | mutation]
  7491 | D:6      | Reached skill level 7 in Invocations
  7491 | D:6      | Reached XP level 9. HP: 58/69 MP: 14/14
  7736 | D:7      | Found a staircase to the Ecumenical Temple.
  7744 | Temple   | Entered the Ecumenical Temple
  7990 | Temple   | Became a worshipper of Warmaster Okawaru
  8266 | D:7      | Reached skill level 5 in Unarmed Combat
  8268 | D:7      | Reached * piety under Okawaru
  8326 | D:7      | Reached skill level 8 in Invocations
  8540 | D:8      | Reached skill level 5 in Armour
  8550 | D:8      | Noticed Maurice
  8563 | D:8      | Killed Maurice
  8564 | D:8      | Reached skill level 5 in Shields
  8662 | D:8      | Noticed Prince Ribbit
  8670 | D:8      | Killed Prince Ribbit
  8670 | D:8      | Reached ** piety under Okawaru
  8703 | D:8      | Gained mutation: You have large cloven feet. [demonic
                  | ancestry]
  8703 | D:8      | Reached XP level 10. HP: 78/79 MP: 16/16
  9065 | D:8      | Reached skill level 9 in Invocations
  9246 | D:8      | Noticed a two-headed ogre
  9257 | D:8      | Killed a two-headed ogre
 10222 | D:9      | Paralysed by a hornet for 1 turns
 10378 | D:9      | Noticed a two-headed ogre
 10473 | D:9      | Killed a two-headed ogre
 10473 | D:9      | Reached *** piety under Okawaru
 10697 | D:9      | Reached skill level 10 in Invocations
 10722 | D:9      | Found Gusheovo's Magic Scroll Emporium.
 10727 | D:9      | Bought a scroll of identify for 22 gold pieces
 10727 | D:9      | Bought a scroll of identify for 22 gold pieces
 10727 | D:9      | Bought a scroll of identify for 22 gold pieces
 10727 | D:9      | Bought a scroll of identify for 22 gold pieces
 10727 | D:9      | Bought a scroll of fear for 38 gold pieces
 10727 | D:9      | Bought a scroll of teleportation for 33 gold pieces
 10727 | D:9      | Bought a scroll of teleportation for 33 gold pieces
 10727 | D:9      | Bought a scroll of blinking for 82 gold pieces
 10751 | D:9      | Noticed a skeletal warrior
 10752 | D:9      | Noticed a two-headed ogre
 10761 | D:10     | Entered Level 10 of the Dungeon
 11016 | D:10     | Killed a skeletal warrior
 11017 | D:10     | Reached skill level 5 in Dodging
 11021 | D:10     | Killed a two-headed ogre
 11021 | D:10     | Reached **** piety under Okawaru
 11022 | D:10     | Reached XP level 11. HP: 23/87 MP: 18/18
 11378 | D:9      | Noticed a two-headed ogre
 11388 | D:9      | Killed a two-headed ogre
 11827 | D:9      | Reached ***** piety under Okawaru
 12146 | D:9      | Found a staircase to the Lair.
 12808 | D:10     | Reached skill level 11 in Invocations
 13136 | D:10     | Found a portal to a secret trove of treasure.
 13849 | D:11     | Reached skill level 1 in Evocations
 14197 | D:11     | Noticed a two-headed ogre
 14201 | D:11     | Killed a two-headed ogre
 14201 | D:11     | Identified the +0 pair of boots "Saokic Mobo" {rN++ Stlth+}
                  | (Okawaru gifted it to you on level 11 of the Dungeon)
 14201 | D:11     | Received a gift from Okawaru
 14336 | D:11     | Noticed a seven-headed hydra
 14340 | D:11     | Killed a seven-headed hydra
 14808 | D:11     | Found a staircase to the Orcish Mines.
 14931 | D:12     | Identified the +2 ring mail "Yfaj" {Harm rC++ Str-3}
 15157 | D:12     | Gained mutation: You are mostly covered in sharp spines.
                  | [demonic ancestry]
 15157 | D:12     | Reached XP level 12. HP: 56/97 MP: 18/20
 15157 | D:12     | Noticed Azrael
 15167 | D:12     | Killed Azrael
 15168 | D:12     | Reached skill level 12 in Invocations
 15176 | D:12     | Reached skill level 10 in Fighting
 15721 | D:12     | Learned a level 3 spell: Mephitic Cloud
 15725 | D:12     | Learned a level 3 spell: Ignite Poison
 15769 | D:13     | Noticed a centaur warrior
 15779 | D:13     | Killed a centaur warrior
 15966 | D:13     | Noticed Urug
 15982 | D:13     | Killed Urug
 16154 | D:13     | Noticed a tengu warrior
 16195 | D:13     | Killed a tengu warrior
 16325 | D:13     | Noticed a two-headed ogre
 16333 | D:13     | Killed a two-headed ogre
 16339 | D:13     | Reached ****** piety under Okawaru
 16339 | D:13     | Received a gift from Okawaru
 16678 | D:14     | Found Seufaell's Book Emporium.
 16679 | D:14     | Noticed a centaur warrior
 16685 | D:14     | Killed a centaur warrior
 16928 | D:14     | Reached skill level 13 in Invocations
 17083 | D:14     | Found a gate to the Vaults.
 17083 | D:14     | Noticed a vault guard
 17179 | D:15     | Entered Level 15 of the Dungeon
 17197 | D:14     | Killed a vault guard
 17743 | D:15     | Noticed an ettin
 17756 | D:15     | Received a gift from Okawaru
 17758 | D:15     | Slain by an ettin

Illustrated notes

Levels and vault maps discovered:
D:1:      arrival_aquarium_a, layout_loops_corners,
          hellmonk_ecumenical_altar_watching_god
D:2:      layout_rooms
D:3:      layout_loops_ring, chequers_serial_rivers_small_a,
          grunt_ministairs_13, minmay_misc_feat_pillars
D:4:      layout_gridville, old_standard_altar
D:5:      layout_gridville, gammafunk_ghost_icy
D:6:      layout_loops_corners, biasface_ghost_orc_armoury
D:7:      layout_cave_pools, minmay_temple_entry_glass,
          hangedman_abyss_or_decor_stabs, skrybe_limestone_x
D:8:      layout_loops_ring, minmay_manual_mares, uniq_maurice,
          uniq_prince_ribbit1
D:9:      hangedman_cross_stitches, layout_cave_pools, dpeg_oklobed_lair,
          serial_shops, shop
D:10:     layout_basic, nicolae_trove_entry_diagonal
D:11:     layout_gridville, david_orc_4, hex_tiny
D:12:     layout_loops_ring, uniq_azrael
D:13:     layout_irregular_city, kennysheep_decorative_pillar, uniq_urug
D:14:     layout_cave_pools, david_vaults_5, serial_shops, shop,
          chequers_serial_rivers_micro_c
D:15:     hangedman_depths_entry_civil_slaughter, layout_basic
Temple:   mainiacjoe_temple_hex_bubbles

Skill      XL: |  1  2  3  4  5  6  7  8  9 10 11 12 |
---------------+-------------------------------------+-----
Axes           | 2 |  2.7
Invocations    | 1 2 3 4 5 7 8 10 11 13 | 13.2
Armour         | 3 4 5 6 7 |  7.3
Dodging        | 1 2 3 4 5 6 |  6.6
Shields        | 3 4 5 6 7 9 |  9.0
Fighting       | 4 5 6 7 8 9 10 | 10.8
Unarmed Combat | 1 2 3 4 5 7 8 9 |  9.2
Evocations     | 2 3 |  3.9

Action                   |  1- 3 |  4- 6 |  7- 9 | 10-12 || total
-------------------------+-------+-------+-------+-------++-------
Melee: War axe           |    56 |    42 |       |       ||    98
       Unarmed           |       |    84 |   168 |   463 ||   715
       Touch             |       |    11 |    35 |   106 ||   152
       Punch             |       |     2 |     8 |    37 ||    47
       Tailslap          |       |       |    33 |    96 ||   129
       Kick              |       |       |       |    85 ||    85
Invok: Heroism           |       |       |       |     6 ||     6
       Finesse           |       |       |       |     4 ||     4
  Use: Scroll            |       |       |     2 |    10 ||    12
       Potion            |       |       |     2 |     4 ||     6
 Stab: Distracted        |       |     1 |       |       ||     1
Armor: Scale mail        |    25 |    45 |       |       ||    70
       Plate armour      |       |     3 |    46 |       ||    49
       Chain mail        |       |       |    30 |   223 ||   253
Dodge: Dodged            |    29 |    61 |    60 |   251 ||   401
Block: Buckler           |    11 |    14 |       |       ||    25
